 Dungeon Crawl Stone Soup version 0.24.0-1-gfbc8707 (webtiles) character file.

Game seed: 12329197964416150784, levelgen mode: deterministic

64 Buxparty the Covered (level 3, -3/28 HPs)
             Began as a Mummy Wanderer on Jan 6, 2020.
             Slain by Crazy Yiuf
             ... wielding a +4 quarterstaff of chaos
              (4 damage)
             ... on level 2 of the Dungeon.
             The game lasted 00:02:13 (1104 turns).

Buxparty the Covered (Mummy Wanderer)               Turns: 1104, Time: 00:02:13

Health: -3/28      AC:  9    Str: 16    XL:     3   Next: 91%
Magic:  3/3        EV:  9    Int: 12    God:
Gold:   65         SH:  0    Dex: 10    Spells: 2/2 levels left

rFire    x . .     SeeInvis .   a - +0 hand crossbow
rCold    + . .     Gourm    .   (no shield)
rNeg     + + +     Faith    .   b - +2 scale mail
rPois    ∞         Spirit   .   (no helmet)
rElec    .         Reflect  .   (no cloak)
rCorr    .         Harm     .   (no gloves)
MR       .....                  (no boots)
Stlth    ..........             (no amulet)
HPRegen  0.09/turn              (no ring)
MPRegen  0.08/turn              (no ring)

@: no status effects
A: no food or potions, fire vulnerability, cold resistance 1, negative energy
resistance 3, torment resistance, unbreathing
a: no special abilities


You were on level 2 of the Dungeon.
You were not hungry.

You visited 1 branch of the dungeon, and saw 2 of its levels.

You collected 65 gold pieces.

Inventory:

Hand Weapons
 a - a +0 hand crossbow (weapon)
Missiles
 c - 30 bolts (quivered)
Armour
 b - a +2 scale mail (worn)
Scrolls
 d - a scroll of teleportation
 e - 2 scrolls of identify {unknown}
 f - a scroll of fear {unknown}
 g - 2 scrolls of remove curse {unknown}
 h - a scroll of fog {unknown}


   Skills:
 + Level 2.7 Fighting
   Level 1.0 Maces & Flails
 - Level 1.5 Crossbows
 + Level 4.0 Armour
 - Level 1.0 Stealth
   Level 1.0 Evocations


You had 2 spell levels left.
You didn't know any spells.
Your spell library was empty.

Dungeon Overview and Level Annotations

Branches:
Dungeon (2/15)

Altars:

Annotations:
D:2 Crazy Yiuf


Innate Abilities, Weirdness & Mutations

You do not eat or drink.
Your flesh is vulnerable to fire.
You are immune to poison.
Your flesh is cold resistant. (rC+)
You are immune to negative energy. (rN+++)
You are immune to unholy pain and torment.
You can survive without breathing.


Message History

Crazy Yiuf shouts!
Found a mace.
You see here a mace.
You see here a mace.
Found two maces and a glowing mace.
You see here a mace.
You open the door.
Firing (i - inventory)
c - 31 bolts (quivered)
Press: ? - help, Shift-Dir - straight line, f - Crazy Yiuf
Aim: Crazy Yiuf, wielding a +4 quarterstaff of chaos and wearing a +0 cloak You shoot a bolt.
The bolt barely misses Crazy Yiuf.
Crazy Yiuf hits you with a +4 quarterstaff of chaos.
You are electrocuted!
Ouch! That really hurt!
* * * LOW HITPOINT WARNING * * *
Crazy Yiuf flaps his cloak.
Crazy Yiuf hits you with a +4 quarterstaff of chaos.
* * * LOW HITPOINT WARNING * * *
Crazy Yiuf burns you.
You die...

...##..#
#....#
##.##..#
#....#
.......#
♣....♣
.....#.#
♣♣..)♣
.....#.#
♣♣)♣♣
.†...#.#
♣♣)♣
.......<.
♣)♣♣
.....##.#
♣♣)♣
###### #
♣@♣♣ #g#
))) #)))#
#).)#
#####


You could see Crazy Yiuf.

Vanquished Creatures
  A bullfrog zombie (D:2)
  An ooze (D:1)
  A dart slug (D:2)
  6 bats
  A giant cockroach (D:1)
  A goblin (D:1)
  2 hobgoblins (D:1)
  4 jackals (D:1)
  3 kobolds
  A frilled lizard (D:1)
  4 rats (D:1)
25 creatures vanquished.

Notes
Turn   | Place    | Note
-------+----------+-------------------------------------------
     0 | D:1      | Buxparty the Mummy Wanderer began the quest for the Orb.
     0 | D:1      | Buxparty set off with the following items: a +0 hand
                  | crossbow, a +2 scale mail, 23 bolts, a scroll of
                  | teleportation
     0 | D:1      | Reached XP level 1. HP: 15/15 MP: 1/1
    44 | D:1      | Reached XP level 2. HP: 18/21 MP: 2/2
   853 | D:2      | Reached XP level 3. HP: 27/27 MP: 3/3
   995 | D:2      | Reached skill level 4 in Armour
  1099 | D:2      | Found a runed translucent door.
  1100 | D:2      | Noticed Crazy Yiuf
  1104 | D:2      | HP: 1/28 [Crazy Yiuf/+4 quarterstaff of chaos (5)]
  1104 | D:2      | Slain by Crazy Yiuf

Levels and vault maps discovered:
D:1:      psy_arrival_dodecagon, layout_basic
D:2:      layout_loops_cross, uniq_crazy_yiuf_cottage

Skill      XL: |  1  2  3 |
---------------+----------+-----
Fighting       | 2 |  2.7
Armour         | 4 |  4.0
Maces & Flails | |  1.0
Crossbows      | |  1.5
Stealth        | |  1.0
Evocations     | |  1.0

Action                   || total
-------------------------++-------
 Fire: Hand crossbow     ||    80
Armor: Scale mail        ||    29
Dodge: Dodged            ||    28
